[Event "*** Titled Tuesday Blitz"]
[Site "Chess.com"]
[Date "2020.03.03"]
[Round "3"]
[White "ChelsieMonica"]
[Black "Incognito_Knight"]
[Result "1/2-1/2"]
[WhiteElo "2167"]
[BlackElo "2660"]
[TimeControl "180+1"]
[EndTime "13:31:16 PST"]
[Termination "Game drawn - insufficient material"]

1. d4 d5 2. Nf3 Nf6 3. e3 g6 4. Be2 Bg7 5. O-O O-O 6. c4 c6 7. Nc3 Nbd7 8. b3 Ne4 9. Bb2 Nxc3 10. Bxc3 Re8 11. Qc2 Nf6 12. Ne5 Bf5 13. Bd3 Bxd3 14. Qxd3 Ne4 15. Bb2 Rc8 16. f3 Nd6 17. Rac1 f6 18.
Ng4 Qd7 19. a4 Nf7 20. Nf2 e5 21. cxd5 cxd5 22. dxe5 fxe5 23. e4 d4 24. Ba3 Bh6 25. Rxc8 Rxc8 26. Ng4 Bg7 27. Rc1 Rxc1+ 28. Bxc1 Qc6 29. Bd2 h5 30. Nf2 Bh6 31. g4 Bxd2 32. Qxd2 Qc3 33. Qd1 Ng5 34. Kg2 Ne6 35. gxh5 Nf4+ 36.
Kg3 gxh5 37. Kh4 Qe3 38. Qg1+ Kh7 39. Qg3 d3 40. Nd1 Qe2 41. Nc3 Qf1 42. Nd5 Ng6+ 43.
Kg5 d2 44. Ne3 d1=Q 45. Nxd1 Qxd1 46. Kxh5 Qd6 47. Qg5 Nf4+ 48. Kh4 Qh6+ 49. Qxh6+ Kxh6 50. Kg4 Kg6 51. h4 Ne6 52. h5+ Kf6 53. h6 Nd4 54. b4 a6 55. f4 exf4 56. Kxf4 b5 57. axb5 axb5 58. e5+ Kg6 59. Ke4 Nc6 60. Kd5 Nxb4+ 61. Kc5 Nd3+ 62. Kxb5 Nxe5 63. Kc5 Kh7 64. Kd5 Kxh6 1/2-1/2

[Event "*** Titled Tuesday Blitz"]
[Site "Chess.com"]
[Date "2020.03.03"]
[Round "3"]
[White "diskeleven"]
[Black "dusanacns"]
[Result "0-1"]
[WhiteElo "2370"]
[BlackElo "2611"]
[TimeControl "180+1"]
[EndTime "13:31:19 PST"]
[Termination "dusanacns won by resignation"]

1. d4 Nf6 2. c4 g6 3. Nc3 Bg7 4. e4 O-O 5. f3 d6 6. Bg5 c5 7. d5 e6 8. Nge2 exd5 9. cxd5 a6 10. a4 h6 11. Be3 Nbd7 12. Ng3 Re8 13. Be2 h5 14. O-O h4 15. Nh1 Nh7 16. Nf2 f5 17. Qd2 Ndf6 18. Kh1 Bd7 19. exf5 Bxf5 20. Bh6 Bh8 21.
Bd3 Qd7 22. Nfe4 Nh5 23. a5 Be5 24. Na4 Rad8 25. Nb6 Qf7 26. Rae1 N5f6 27. Ng5 Nxg5 28. Bxg5 Bxd3 29. Qxd3 h3 30. Rg1 Bxb2 31. gxh3 Rxe1 32. Rxe1 Re8 33. Re6 Be5 34. f4 Bd4 35. Nc4 Rxe6 36. dxe6 Qxe6 37. Qxg6+ Kf8 38. Bh6+ Ke7 39. Qg7+ Kd8 40.
Qf8+ Kd7 41. Nb6+ Kc6 42. Qc8+ Qxc8 43. Nxc8 c4 44. Ne7+ Kb5 45. f5 c3 46. Bc1 Kc4 47.
Kg2 Kd3 48. Nc8 d5 49. Nd6 c2 50. Nb5 Be5 51. Nc3 Bxc3 52. Bb2 Bxb2 53. Kf3 c1=Q 54. h4 Qe3+ 55. Kg2 Be5 56. Kf1 Qd2 57. h5 Ke3 0-1

[Event "*** Titled Tuesday Blitz"]
[Site "Chess.com"]
[Date "2020.03.03"]
[Round "3"]
[White "goldenspine"]
[Black "MisiekZielony"]
[Result "1-0"]
[WhiteElo "2352"]
[BlackElo "2077"]
[TimeControl "180+1"]
[EndTime "13:31:19 PST"]
[Termination "goldenspine won on time"]

1. d4 Nf6 2. c4 c6 3. Nc3 d5 4. cxd5 cxd5 5. Bf4 Nc6 6. e3 e6 7. Nf3 Be7 8. h3 O-O 9. Bd3 Nh5 10. Bh2 f5 11. Ne5 Nf6 12. Nxc6 bxc6 13. O-O c5 14. Rc1 c4 15. Bb1 Bd7 16. f3 Qb6 17. Qe2 Bd6 18. Be5 Bxe5 19. dxe5 Ne8 20. Kh1 Rb8 21. Rf2 f4 22.
exf4 Rxf4 23. Qc2 g6 24. Rd2 Ng7 25. Ne2 Rf7 26. Qc3 Nf5 27. Bxf5 Rxf5 28. Ng3 Rf7 29. Ne2 Rbf8 30. Nd4 Rf4 31. b3 cxb3 32. Qxb3 Qd8 33. Qe3 Qh4 34. Rc7 R8f7 35. Ne2 Rc4 36. Rxc4 Qxc4 37.
Nd4 Kg7 38. Rc2 Qb4 39. Rc7 Qb6 40. Qc3 Be8 41. Rc8 Bd7 42. Rc7 Be8 43. Rc8 Ba4 44. Kh2 h6 45. Qc5 Qxc5 46. Nxe6+ Kh7 47. Nxc5 Bb5 48. e6 Re7 49. Rd8 Kg7 50. Rxd5 Bc4 51. Re5 Bxa2 52. f4 Bc4 53. g4 a5 54. f5 gxf5 55.
gxf5 1-0

[Event "*** Titled Tuesday Blitz"]
[Site "Chess.com"]
[Date "2020.03.03"]
[Round "3"]
[White "Resignify"]
[Black "RainForestt"]
[Result "0-1"]
[WhiteElo "2211"]
[BlackElo "2488"]
[TimeControl "180+1"]
[EndTime "13:31:21 PST"]
[Termination "RainForestt won on time"]

1. e4 e6 2. d3 d5 3. Nd2 Nf6 4. g3 g6 5. Bg2 Bg7 6. Ngf3 O-O 7.
O-O c5 8. Re1 Nc6 9. exd5 exd5 10.
Ne5 Nxe5 11. Rxe5 Ne4 12. Nxe4 Bxe5 13. Nxc5 b6 14. Nb3 Bb7 15. d4 Bg7 16. Bf4 Rc8 17. Qd3 Re8 18. c3 Qd7 19. h4 Bc6 20. Bf3 Bb5 21.
Qd2 Bc4 22. Rd1 Qa4 23. Nc1 Bxa2 24. Nxa2 Qxa2 25. Bg4 f5 26. Bf3 Qc4 27. Re1 Kf7 28. Ra1 a5 29. Kg2 Ra8 30. Bh6 a4 31. h5 b5 32. Rh1 Rh8 33. Qg5 Qc6 34. Qf4 Qd7 35. g4 Rae8 36. Bxg7 Kxg7 37. h6+ Kf6 38. g5+ Kf7 39.
Ra1 Rd8 40. Qg3 Rhe8 41. b3 Qd6 42. bxa4 Qxg3+ 43. Kxg3 bxa4 44. Rxa4 Re7 45. Ra5 Red7 46. Rc5 Ke6 47. Kf4 Rd6 48. Ke3 R8d7 49. Bg2 Ra6 50. f4 Ra2 51. Bf3 Rh2 0-1

[Event "*** Titled Tuesday Blitz"]
[Site "Chess.com"]
[Date "2020.03.03"]
[Round "3"]
[White "Abdimalik_Abdisalimov"]
[Black "Didici"]
[Result "1-0"]
[WhiteElo "2842"]
[BlackElo "2677"]
[TimeControl "180+1"]
[EndTime "13:31:22 PST"]
[Termination "Abdimalik_Abdisalimov won by resignation"]

1. Nf3 d5 2. d4 Nf6 3. c4 e6 4. g3 Bb4+ 5. Bd2 Bd6 6. Bg2 O-O 7. O-O c6 8. Qc2 Nbd7 9. b3 Ne4 10. Nc3 f5 11. e3 b6 12. Rfd1 Bb7 13. Ne2 g5 14. Rac1 Rc8 15. Ne1 Ba3 16. Rb1 c5 17. Bc1 Bxc1 18.
Rbxc1 Qf6 19. Nd3 cxd4 20. Nxd4 dxc4 21. bxc4 g4 22. Qa4 Rf7 23. Nb5 a6 24. Nd4 Rc7 25. Qb4 e5 26. Nb3 Ndc5 27. Nbxc5 bxc5 28. Qb2 Rce7 29. Bxe4 Bxe4 30. Nxc5 Bf3 31. Rd8+ Kg7 32. Qb8 Qc6 33.
Rg8+ Kh6 34. Nd3 Bh1 35. Ne1 Be4 36. Rd1 Rd7 37. Qxe5 Rg7 38. Qf4+ Kg6 39. Rxg7+ Kxg7 40. Qe5+ Kf7 41. Rxd7+ Qxd7 42. Qc3 Qd1 43. c5 Bc6 44. a3 Qd5 45. Kf1 Bb5+ 46. Kg1 Bc6 47. f3 gxf3 48.
Kf2 h5 49. Qc2 Kf6 50. Nd3 Qe4 51. Qc3+ Ke6 52. Qd4 Qxd4 53. exd4 Be4 54. Nf4+ Kd7 55. Nxh5 Kc6 56. Nf4 Kb5 57. h4 Kc4 58. h5 Kxd4 59.
h6 Kxc5 1-0

[Event "*** Titled Tuesday Blitz"]
[Site "Chess.com"]
[Date "2020.03.03"]
[Round "3"]
[White "Poghosyan_Suren"]
[Black "kleinebeer98"]
[Result "0-1"]
[WhiteElo "2444"]
[BlackElo "2706"]
[TimeControl "180+1"]
[EndTime "13:31:22 PST"]
[Termination "kleinebeer98 won on time"]

1. Nf3 Nf6 2. c4 e6 3. g3 b6 4. Bg2 Bb7 5. O-O Be7 6. b3 O-O 7. Bb2 d5 8. d3 a5 9. a3 Nbd7 10.
Nc3 Re8 11. Nh4 Nc5 12. Rc1 d4 13. Nb1 Bxg2 14. Nxg2 e5 15. Nd2 Ne6 16. f4 exf4 17. Nxf4 Nxf4 18. Rxf4 c5 19. Qf1 Bd6 20. Rf3 Re6 21.
Re1 Qe7 22. e4 dxe3 23. Bxf6 exd2 24. Rxe6 Qxe6 25. Bc3 Be5 26. Re3 Bxc3 27. Rxe6 fxe6 28. Qe2 Kh8 29. Qg4 Rf8 30. Kg2 h6 31. h4 Rf6 32.
h5 Rf5 33. Qd1 Re5 34. Qf3 Rf5 35. Qe2 e5 36. Qg4 Rf8 37. Qe2 Kg8 38. Qg4 Rd8 39.
Qe2 Kf7 40. Kf3 Ke6 41. Ke4 Rd4+ 42. Ke3 e4 43. Qg4+ Kf6 44. Qg6+ Ke7 45. Qxg7+ Kd6 46. Qf8+ Kc7 47. Qe7+ Rd7 0-1

[Event "*** Titled Tuesday Blitz"]
[Site "Chess.com"]
[Date "2020.03.03"]
[Round "3"]
[White "WiktoriaPOL"]
[Black "dopolian"]
[Result "0-1"]
[WhiteElo "2149"]
[BlackElo "2374"]
[TimeControl "180+1"]
[EndTime "13:31:27 PST"]
[Termination "dopolian won on time"]

1. c4 Nf6 2. Nc3 e6 3. e4 d6 4. d4 Nbd7 5. Nf3 c5 6. d5 exd5 7. exd5 g6 8. Bd3 Qe7+ 9. Qe2 Qxe2+ 10. Bxe2 a6 11. O-O Kd8 12. Re1 Bg7 13. Bf4 Kc7 14. Ng5 Rf8 15. Nce4 Nxe4 16. Nxe4 Ne5 17. Bf1 Bf5 18.
Nxc5 Rfe8 19. Ne4 Kd7 20. Ng5 h6 21. Bxe5 Rxe5 22. Nf3 Rxe1 23. Rxe1 Bxb2 24. Nh4 Bc3 25. Rc1 Bd4 26. Nxf5 gxf5 27. Bd3 f4 28. Rb1 b6 29. Bf5+ Ke7 30. Re1+ Kf6 31. Bd7 Rd8 32. Bc6 Rc8 33. Kf1 Rb8 34. Rb1 Rc8 35. Ke2 Rc7 36. Kd3 Bxf2 37. Rf1 Be3 38. g3 Re7 39. gxf4 Bc5 40. a4 Re3+ 41. Kd2 Rh3 42. Rh1 Rh4 43. Ke2 Kf5 44. Bd7+ Ke4 45. f5 Rh3 46. Bc8 a5 47.
f6 Re3+ 48. Kd2 Rf3 49. Re1+ Be3+ 50. Ke2 Rf2+ 51. Kd1 Rd2+ 52. Kc1 Rxh2+ 0-1

[Event "*** Titled Tuesday Blitz"]
[Site "Chess.com"]
[Date "2020.03.03"]
[Round "3"]
[White "enzovsky"]
[Black "Atanejhad"]
[Result "0-1"]
[WhiteElo "2330"]
[BlackElo "2589"]
[TimeControl "180+1"]
[EndTime "13:31:28 PST"]
[Termination "Atanejhad won by resignation"]

1. e4 e5 2. Nf3 Nc6 3. d4 exd4 4. Nxd4 Nf6 5. Nxc6 bxc6 6. e5 Qe7 7. Qe2 Nd5 8. c4 Nb6 9. Nc3 g6 10. Ne4 h6 11. Nf6+ Kd8 12. Bd2 Bg7 13. Bc3 Ba6 14. b3 Nd5 15. Nxd5 cxd5 16. O-O-O dxc4 17. Qe4 Rb8 18. e6 Qa3+ 19. Kb1 Rxb3+ 20. axb3 Qxb3+ 21. Kc1 Qxc3+ 22. Qc2 fxe6 23. Qxc3 Bxc3 24. Kc2 Be5 25. g3 Ke7 26. f4 Bf6 27. Bg2 Bb5 28. Rb1 a6 29.
Rhe1 c6 30. g4 c3 31. f5 gxf5 32. gxf5 Ba4+ 33. Kd3 c2 34. Rb7 Bg5 35. Rxe6+ Kf7 36. Rxd7+ Kf8 37. Re1 c1=Q 38. Rxc1 Bxc1 39. f6 Bb5+ 40.
Kd4 Rg8 41. Be4 Rg4 42. Ke5 Bb2+ 43. Kf5 Rg5+ 44. Ke6 Re5+ 45. Kd6 Rxe4 46. Rh7 Bxf6 47. Rxh6 Bg7 48. Rg6 Kg8 49. h4 Rd4+ 50. Kc5 Kh7 51. h5 Rd5+ 52. Kb6 Rxh5 53. Re6 0-1

[Event "*** Titled Tuesday Blitz"]
[Site "Chess.com"]
[Date "2020.03.03"]
[Round "3"]
[White "GMKrikor"]
[Black "saikrishnaReturns"]
[Result "1-0"]
[WhiteElo "2830"]
[BlackElo "2646"]
[TimeControl "180+1"]
[EndTime "13:31:29 PST"]
[Termination "GMKrikor won on time"]

1. Nf3 Nf6 2. c4 g6 3. Nc3 Bg7 4. e4 d6 5. d4 O-O 6. h3 e5 7. d5 Nbd7 8. Be3 Nc5 9. Nd2 a5 10. g4 Ne8 11. h4 h6 12. h5 g5 13. Be2 c6 14. Kf1 Nc7 15. Kg2 b5 16. b3 Ba6 17.
dxc6 b4 18. Nd5 N7e6 19. f3 Nd4 20. c7 Qd7 21. Nf1 Nce6 22. Ng3 Nxc7 23. Nb6 Qd8 24. Nxa8 Qxa8 25. Nf5 Nce6 26. a3 Qb8 27. Ne7+ Kh8 28.
Nd5 Nc5 29. Bxd4 exd4 30. axb4 axb4 31. Bd3 Bb7 32. Re1 Ne6 33. Qd2 Bxd5 34. exd5 Nf4+ 35. Kh1 Be5 36. Ra4 Kg7 37. Bf5 Qc7 38. Rxb4 Ra8 39. Bb1 d3 40. Bxd3 Qc5 41. Ra4 Rxa4 42. bxa4 Nxd3 43. Qxd3 Qf2 44. Qe2 Qg3 45. Rf1 Qh3+ 46. Kg1 Bd4+ 47. Rf2 Qg3+ 48. Kf1 Qh3+ 49. Ke1 Qg3 50. a5 Qg1+ 51. Rf1 Qg3+ 52. Kd2 Qf4+ 53. Kc2 Bf6 54. Rd1 1-0

[Event "*** Titled Tuesday Blitz"]
[Site "Chess.com"]
[Date "2020.03.03"]
[Round "3"]
[White "Vusatiuk_Vladimir"]
[Black "MartinCerveny"]
[Result "0-1"]
[WhiteElo "2373"]
[BlackElo "2613"]
[TimeControl "180+1"]
[EndTime "13:31:29 PST"]
[Termination "MartinCerveny won by resignation"]

1. e4 c5 2. Nf3 d6 3. d4 cxd4 4. Qxd4 Nc6 5. Qe3 g6 6. c4 Qa5+ 7. Bd2 Qc5 8. Qc3 Nf6 9. Be3 Qb4 10. Bd3 Bg7 11. O-O Nh5 12. Nd4 Qxc3 13. bxc3 Bd7 14. Nxc6 Bxc6 15. c5 dxc5 16. Bxc5 Nf4 17. Rd1 b6 18. Ba3 O-O-O 19. Ba6+ Kc7 20. Nd2 e6 21.
Nc4 Ne2+ 22. Kf1 Nxc3 23. Rxd8 Rxd8 24. e5 b5 25. Bd6+ Kd7 26. Na5 Bf8 27. Rc1 b4 28. Nxc6 Kxc6 29. Bxf8 Rxf8 30. a3 Kb6 31. axb4 Nd5 32. b5 Nb4 33. f4 Rd8 34. g3 h5 35.
Kg2 Rd2+ 36. Kh3 Rd7 37. Rc8 Nxa6 38. bxa6 Kxa6 39. Kh4 Kb5 40. Kg5 a5 41. Rb8+ Ka4 42.
Kf6 Ka3 43. Rf8 a4 44. Rxf7 Rxf7+ 45. Kxf7 Kb3 46. Kxe6 a3 47. Kf7 a2 48. e6 a1=Q 49.
e7 Qa7 50. Kf8 Qc5 51. Kf7 Qf5+ 52. Kg8 Qe6+ 53. Kf8 Qf6+ 54. Ke8 Kb4 55. Kd7 Qf5+ 56. Kd6 Qf7 57. Kd7 Qd5+ 58. Kc7 Qe6 59. Kd8 Qd6+ 60. Ke8 Kc5 61. Kf7 Qd7 62. Kxg6 Qxe7 63. Kxh5 Kd6 64. h4 Ke6 65. g4 Kf6 66. g5+ Kf5 67.
g6 Qf6 0-1

[Event "*** Titled Tuesday Blitz"]
[Site "Chess.com"]
[Date "2020.03.03"]
[Round "3"]
[White "Bryakin_Mikhail"]
[Black "Vaathi_Coming"]
[Result "1/2-1/2"]
[WhiteElo "2669"]
[BlackElo "2825"]
[TimeControl "180+1"]
[EndTime "13:31:31 PST"]
[Termination "Game drawn by repetition"]

1. d4 c6 2. c4 d5 3. Nf3 Nf6 4.
g3 g6 5. Nbd2 Bg7 6. Bg2 O-O 7.
O-O a5 8. b3 Bf5 9. a3 b5 10.
Bb2 Nbd7 11. cxb5 cxb5 12. a4 b4 13. Rc1 Qb6 14. Nh4 Rac8 15. Nxf5 gxf5 16. e3 e6 17. Qe2 Rfd8 18. h4 Ne8 19. Rfd1 Nd6 20. Qf1 Nf6 21. Rxc8 Rxc8 22. Rc1 Rc6 23. Rxc6 Qxc6 24.
Qc1 Qxc1+ 25. Bxc1 Nfe4 26. Nxe4 fxe4 27. f3 f5 28. f4 Kf7 29. Bf1 Ke7 30. Be2 Ne8 31.
Kg2 Nf6 32. Kh3 Nd7 33. Bd2 Nb8 34. Bb5 Kd6 35. g4 Nc6 36. Bxc6 Kxc6 37. g5 h5 38. gxh6 Bxh6 39. h5 Kd7 40. Be1 e5 41. dxe5 Ke6 42. Bd2 Bf8 43. Kg2 Kf7 44. Be1 Be7 45. Kh3 Kg7 46. Bh4 Bc5 47. e6 Bxe3 48. h6+ Kg6 49. h7 Bd4 50. Bg5 e3 51. Kg2 e2 52. Bh4 Bf6 53.
Bxf6 e1=Q 54. h8=Q Qe2+ 55. Kg3 Qe3+ 56. Kg2 Qe2+ 57. Kg3 Qe3+ 58. Kg2 Qe2+ 1/2-1/2

[Event "*** Titled Tuesday Blitz"]
[Site "Chess.com"]
[Date "2020.03.03"]
[Round "3"]
[White "Sebastian"]
[Black "bascheyaro"]
[Result "1-0"]
[WhiteElo "3010"]
[BlackElo "2738"]
[TimeControl "180+1"]
[EndTime "13:31:34 PST"]
[Termination "Sebastian won by resignation"]

1. d4 Nf6 2. Nf3 d5 3. e3 Bf5 4. c4 c6 5. Nc3 e6 6. Nh4 Bg6 7.
Nxg6 hxg6 8. Qb3 Qb6 9. g3 Nbd7 10. Bg2 Be7 11. O-O a5 12. Rd1 a4 13. Qc2 Qa6 14.
c5 O-O 15. Bd2 e5 16. Rab1 Rfe8 17. b4 b5 18. cxb6 exd4 19. exd4 Nxb6 20. Bf1 Nc4 21. Re1 Bf8 22. Rxe8 Rxe8 23. Nxa4 Ra8 24. Bxc4 dxc4 25.
Nc3 Nd5 26. b5 Qc8 27. Nxd5 cxd5 28. a4 Qg4 29. Bc3 Re8 30. Qd1 Qf5 31. b6 Re2 32. Be1 c3 33. Rc1 Rb2 34. Rxc3 Rxb6 35. a5 Rb1 36. Rc1 Rb2 37. Ra1 Bb4 38. a6 Bxe1 39.
Qxe1 Rb8 40. a7 Ra8 41. Qb4 Qc8 42. Qc5 Qb7 43. Kg2 Kh7 44. h4 f6 45. Ra3 f5 46.
Ra5 Re8 47. Qb5 Qa8 48. Qxe8 Qxe8 49. a8=Q Qe4+ 50. Kh2 Qxd4 51. Ra2 Qc5 52. Qa7 Qc4 53. Qa4 Qc5 54. Qa3 Qc4 55. Rd2 d4 56. Qd3 Qe6 57.
Qxd4 Qe7 58. Qe3 Qc7 59. Re2 Qf7 60. Qe6 Qb7 61. Qe7 Qf3 62. Qe3 Qg4 63. Rd2 Qb4 64. Qf4 Qc3 65. Rd7 Qb2 66. Qd4 Qb7 67. Rxb7 1-0

[Event "*** Titled Tuesday Blitz"]
[Site "Chess.com"]
[Date "2020.03.03"]
[Round "3"]
[White "SahajGrover"]
[Black "RaphCamora"]
[Result "1-0"]
[WhiteElo "2716"]
[BlackElo "2444"]
[TimeControl "180+1"]
[EndTime "13:31:35 PST"]
[Termination "SahajGrover won by resignation"]

1. d4 d5 2. c4 e6 3. Nf3 Nf6 4. Nc3 c6 5. cxd5 exd5 6. Bg5 Be7 7. e3 Bf5 8. Bd3 Bxd3 9. Qxd3 O-O 10. O-O Nbd7 11.
Rab1 a5 12. a3 Re8 13. Ne5 Ne4 14. Bf4 Nxe5 15. Bxe5 f6 16. Bf4 Bd6 17. Bg3 Qe7 18. Nxe4 dxe4 19. Bxd6 Qxd6 20. Qb3+ Kf8 21. Rfc1 Re7 22.
Rc5 a4 23. Qc4 Qe6 24. Qb4 Kg8 25. Rbc1 Rd7 26. h3 h6 27. Qc4 Qxc4 28. R1xc4 Ra6 29. Rb4 b5 30. d5 cxd5 31. Rd4 Rb6 32. Rdxd5 Rxd5 33. Rxd5 b4 34. Rd4 bxa3 35. bxa3 f5 36. Rxa4 Rb1+ 37. Kh2 Kf7 38. Ra6 Ra1 39. Kg3 Ra2 40. f3 exf3 41. gxf3 Kg8 42. Kf4 Rh2 43. Kxf5 Rxh3 44. Kg4 Rh2 45. a4 Kh7 46. a5 Rg2+ 47. Kh3 Ra2 48. e4 g5 49. Kg4 Ra3 50. Ra8 Kg7 51.
a6 Ra5 52. a7 Ra3 53. e5 1-0

[Event "*** Titled Tuesday Blitz"]
[Site "Chess.com"]
[Date "2020.03.03"]
[Round "3"]
[White "arjwezhrtdrz"]
[Black "Bongcloudtransvestit"]
[Result "1-0"]
[WhiteElo "2132"]
[BlackElo "2340"]
[TimeControl "180+1"]
[EndTime "13:31:40 PST"]
[Termination "arjwezhrtdrz won by resignation"]

1. e4 g6 2. d4 d6 3. Nc3 Bg7 4. Nf3 Nf6 5. Be2 O-O 6. O-O c6 7. a4 Qc7 8. h3 e5 9. dxe5 dxe5 10. Bc4 Nbd7 11. a5 Nc5 12. Qe2 Be6 13. b4 Bxc4 14.
Qxc4 Ne6 15. Be3 a6 16. Rfd1 Nd7 17. Na4 Rfd8 18. Nb6 Rab8 19. c3 Ndf8 20. Na4 Rxd1+ 21. Rxd1 Rd8 22. Rd3 Rxd3 23. Qxd3 Qd7 24. Qxd7 Nxd7 25. Kf1 f5 26. Nd2 f4 27. Ba7 Kf7 28. f3 Nc7 29. Ke2 Ke6 30. Kd3 Nb5 31. Bf2 g5 32. Nc4 Nd6 33.
Nxd6 Kxd6 34. Bc5+ Ke6 35. Kc4 h5 36. Bf2 g4 37. hxg4 hxg4 38. Nc5+ Nxc5 39. Kxc5 g3 40. Bg1 Kd7 41. Kb6 Kc8 42. Bc5 Bf6 43. Bd6 Kd7 44.
Kc5 Bg7 45. c4 Bf6 46. Bb8 Kc8 47. Bd6 Kd7 48. Bf8 Bd8 49. Bd6 Ke6 50. Bb8 Kd7 51.
Bxe5 Kc8 52. Bd6 Kd7 53. e5 Ke6 54. Kd4 Kf5 55. Bb8 Ke6 56. Ke4 Be7 57. Bd6 Bg5 58.
Bb8 Bh6 59. c5 Bg5 60. Bc7 Bh6 61. Bd8 Bg7 62. Bg5 Bh6 63. Bxf4 1-0

[Event "*** Titled Tuesday Blitz"]
[Site "Chess.com"]
[Date "2020.03.03"]
[Round "3"]
[White "Danfii"]
[Black "praveenb2002"]
[Result "1/2-1/2"]
[WhiteElo "2409"]
[BlackElo "2621"]
[TimeControl "180+1"]
[EndTime "13:31:42 PST"]
[Termination "Game drawn by repetition"]

1. e4 c5 2. Nf3 Nc6 3. d4 cxd4 4. Nxd4 g6 5. Nc3 Bg7 6. Be3 Nf6 7. Bc4 O-O 8. Bb3 Qa5 9. O-O d6 10. f3 Nxd4 11.
Bxd4 Be6 12. Nd5 Nxd5 13. exd5 Bf5 14. Bxg7 Kxg7 15. Qd4+ Kg8 16. Rfe1 Rfe8 17. c3 Rac8 18. Re3 Qc5 19. Qd2 e6 20. dxe6 Bxe6 21. Kh1 Bxb3 22. Rxe8+ Rxe8 23. axb3 a6 24. Rd1 Qb5 25. b4 Re6 26. h3 Qe5 27. Qd5 Qe2 28. Qd2 Qc4 29. Re1 Rxe1+ 30. Qxe1 Qd3 31. Qe7 Qb1+ 32. Kh2 Qxb2 33.
Qxb7 Qxc3 34. Qb8+ Kg7 35. Qxd6 Qa1 36. Kg3 h5 37. Kh2 Qf6 38. Qc5 h4 39. b5 axb5 40.
Qxb5 Qf4+ 41. Kg1 Qe3+ 42. Kf1 Qc1+ 43. Kf2 Qd2+ 44. Kf1 Qf4 45. Kf2 g5 46. Qd3 Kh6 47.
Qd8 Qg3+ 48. Kf1 Qe5 49. Kf2 Kg7 50. Kf1 Qb5+ 51. Kf2 Qb2+ 52. Kf1 Qe5 53. Kf2 f5 54. Qd7+ Kf6 55. Qd8+ Qe7 56. Qxe7+ Kxe7 57. Ke3 Ke6 58. Kd4 Kd6 59. Kd3 Kd5 60. Kc3 Ke5 61. Kd3 Kf4 62.
Ke2 Kg3 63. Kf1 Kf4 64. Kf2 Ke5 65. Ke3 Kd5 66. Kd3 Ke5 67. Ke3 Kd5 68. Kd3 f4 69. Kc3 Kc5 70. Kd3 Kd5 71. Kc3 Kc5 72. Kd3 Kd5 1/2-1/2

[Event "*** Titled Tuesday Blitz"]
[Site "Chess.com"]
[Date "2020.03.03"]
[Round "3"]
[White "northridgehawk"]
[Black "vova-79"]
[Result "1-0"]
[WhiteElo "2267"]
[BlackElo "2542"]
[TimeControl "180+1"]
[EndTime "13:31:44 PST"]
[Termination "northridgehawk won on time"]

1. e4 e6 2. Nc3 d5 3. d4 dxe4 4.
Nxe4 Nd7 5. Bd3 Ngf6 6. Nf3 c5 7.
Qe2 Nxe4 8. Bxe4 Nf6 9. Bd3 cxd4 10. O-O Bc5 11. Rd1 O-O 12. Bg5 h6 13. Bh4 Qd5 14. Bxf6 gxf6 15. Nd2 Qe5 16. Qf3 f5 17. Re1 Qf6 18.
Ne4 Qe7 19. Ng3 Qg5 20. Nh5 Rb8 21. g3 b6 22. h4 Qg6 23. Nf4 Qg4 24. Qxg4+ fxg4 25.
Nh5 f6 26. Bc4 Kf7 27. Nf4 Re8 28. Rad1 a5 29. Bd3 f5 30. Bc4 b5 31. Bd3 Rb6 32. Re5 Bd6 33. Rxb5 Rxb5 34. Bxb5 Rd8 35. Nd3 e5 36. Bc4+ Kf6 37. c3 dxc3 38. bxc3 Bb7 39. Nb2 Bc7 40. Rxd8 Bxd8 41. Bf1 e4 42. Bc4 Bb6 43. Kf1 e3 44. Ke2 exf2 45. Nd3 Bf3+ 46. Kf1 Be4 47. Nxf2 Bc2 48. Nd3 Bc7 49. Nf4 Bxf4 50.
gxf4 Ke7 51. Kf2 Kd6 52. Kg3 Kc5 53. Be6 Be4 54. h5 Kb5 55. Bb3 a4 56. Be6 a3 57.
Bb3 Kc5 58. Kh4 Bd5 59. Bc2 Be6 60. Kg3 Bxa2 61. Bxf5 1-0

[Event "*** Titled Tuesday Blitz"]
[Site "Chess.com"]
[Date "2020.03.03"]
[Round "3"]
[White "amiralfio"]
[Black "marianokar"]
[Result "1/2-1/2"]
[WhiteElo "2602"]
[BlackElo "2384"]
[TimeControl "180+1"]
[EndTime "13:31:45 PST"]
[Termination "Game drawn - insufficient material"]

1. d4 Nf6 2. Bf4 e6 3. e3 d5 4. Nf3 Bd6 5. Bg3 O-O 6. Nbd2 c5 7. c3 Nc6 8. Bd3 b6 9. e4 Be7 10. e5 Nh5 11. Ng5 Bxg5 12. Qxh5 g6 13. Qe2 cxd4 14.
h4 Bh6 15. h5 dxc3 16. bxc3 Kg7 17. hxg6 hxg6 18. Bh4 Bg5 19. Bg3 Rh8 20. O-O-O Bd7 21. f4 Bh4 22. Bxh4 Rxh4 23. g3 Rh8 24. Nf3 Qe7 25. Ng5 Qa3+ 26. Kd2 Qxa2+ 27. Ke3 Qxe2+ 28.
Bxe2 Na5 29. Ba6 Bc6 30. Rxh8 Rxh8 31. Nf3 Nb3 32. Nd4 Nxd4 33. cxd4 Rb8 34. Rc1 Be8 35.
Rc7 b5 36. Kd2 b4 37. Kc2 b3+ 38. Kb2 Rb4 39. Rxa7 Rxd4 40. Kxb3 Re4 41. Rc7 Re3+ 42. Rc3 Rxc3+ 43. Kxc3 Kf8 44. Kd4 Ke7 45. Kc5 Kd8 46. Kd6 Ba4 47. Bd3 Bb3 48. Kc5 Kc7 49. Kb4 Bd1 50. Kc5 Bf3 51. Bb5 Be4 52. Be8 Bf5 53.
Bxf7 Kd8 54. Kd4 Ke7 55. Bg8 Be4 56. g4 Bc2 57. Bh7 Kf7 58. f5 exf5 59. gxf5 Bxf5 60.
Kxd5 Be6+ 61. Kd4 Kg7 62. Bxg6 Kxg6 63. Kc5 Kf5 64. Kd6 Bg8 65. e6 Bxe6 1/2-1/2

[Event "*** Titled Tuesday Blitz"]
[Site "Chess.com"]
[Date "2020.03.03"]
[Round "3"]
[White "ElGasanov"]
[Black "AntonSmirnov"]
[Result "0-1"]
[WhiteElo "2713"]
[BlackElo "2930"]
[TimeControl "180+1"]
[EndTime "13:31:46 PST"]
[Termination "AntonSmirnov won by resignation"]

1. c4 c6 2. Nc3 d5 3. d4 dxc4 4.
Nf3 b5 5. a4 b4 6. Ne4 Nf6 7.
Ng3 e6 8. e4 Ba6 9. Ne5 c5 10.
Be3 cxd4 11. Qxd4 Qxd4 12. Bxd4 c3 13. bxc3 Bxf1 14. Rxf1 a5 15. Ke2 Na6 16. Nc4 bxc3 17. Rac1 Bb4 18. Bxc3 O-O 19. Nxa5 Bxc3 20. Rxc3 Nb8 21.
Rc5 Nbd7 22. Rb5 Rfc8 23. Rd1 Nc5 24. Rd4 e5 25. Rc4 Ne6 26. Rxe5 Nd7 27. Rxc8+ Rxc8 28. Rb5 Nd4+ 29. Kd3 Nxb5 30. axb5 Rc5 31. Nc6 Rxb5 32. Nf5 Ne5+ 33. Nxe5 Rxe5 34. h4 g6 35. Nd4 Ra5 36. Ke3 Kg7 37. g3 Ra4 38. Nc6 Kf6 39. Nd4 Ke5 40. Nf3+ Kf6 41. Kf4 h6 42. Ke3 Ke6 43. Kf4 Rb4 44. Ke3 Rc4 45. Nd4+ Kd6 46. Nf3 Ra4 47. Nd4 Ke5 48. Nf3+ Ke6 49. Nd4+ Kd6 50. Nf3 f5 51. exf5 gxf5 52. Nd4 Ke5 53. Nf3+ Kf6 54. Nd4 Rb4 55. Ne2 Re4+ 56. Kf3 Ke5 57. Ng1 Ra4 58. Ne2 Ra3+ 59. Kg2 Ke4 60. Nf4 Ra2 61.
Nh3 Ke5 62. Nf4 Ra3 63. Ne2 Ra4 64. Nf4 Rxf4 65. gxf4+ Kxf4 66. f3 Ke3 67. Kg3 h5 68. Kg2 f4 0-1

[Event "*** Titled Tuesday Blitz"]
[Site "Chess.com"]
[Date "2020.03.03"]
[Round "3"]
[White "Gordima"]
[Black "MartinMatthiesen"]
[Result "1/2-1/2"]
[WhiteElo "2790"]
[BlackElo "2597"]
[TimeControl "180+1"]
[EndTime "13:31:49 PST"]
[Termination "Game drawn by repetition"]

1. d4 Nf6 2. c4 e6 3. Nc3 Bb4 4. Qc2 Nc6 5. Nf3 d6 6. Bd2 O-O 7. a3 Bxc3 8. Bxc3 Qe7 9. e3 a5 10. b3 e5 11. d5 Nb8 12. Nd2 Nbd7 13. Be2 Nc5 14. O-O Bd7 15. e4 Ng4 16. Bxg4 Bxg4 17. b4 axb4 18. axb4 Nd7 19. h3 Bh5 20. Ra2 Bg6 21.
g4 Rfb8 22. Rfa1 Qd8 23. Kg2 f6 24. f3 Bf7 25. Nf1 Nf8 26. Be1 Ng6 27. Bg3 c6 28. Ne3 Ne7 29. b5 Rxa2 30. Rxa2 cxb5 31. cxb5 Rc8 32.
Qd3 Qc7 33. Rc2 Qd8 34. Rxc8 Qxc8 35. Qc4 Qd7 36. b6 Nc8 37. Qb4 Be8 38. Bf2 Qb5 39. Qxb5 Bxb5 40. Nd1 Bc4 41. Nc3 Kf7 42. Be3 Ke7 43.
h4 Kd7 44. h5 h6 45. Kf2 Bd3 46. Ke1 Bc4 47. Kd2 Ba6 48. Nd1 Bb5 49. Nf2 Ba6 50.
Nh1 Bb5 51. Ng3 Ke8 52. Nf5 Kf7 53. f4 Bd7 54. fxe5 fxe5 55. Ke2 Bxf5 56. gxf5 Ne7 57.
Kf3 Ng8 58. Bc1 Nf6 59. Ba3 Ke7 60. Bc1 Nxh5 61. Be3 Nf6 62. Bc1 Kf7 63. Ba3 Ne8 64. Bc1 h5 65. Bg5 g6 66. fxg6+ Kxg6 67. Bd8 Ng7 68.
Bc7 Ne8 69. Bd8 Ng7 70. Bc7 Ne8 71. Bd8 1/2-1/2